Map: World of Sleepers LE

Players

DPGPartinG (PartinG)

  • Race: Protoss Protoss
  • League: Grandmaster
  • Spawn Location: 7:00

True - Winner!

  • Race: Zerg Zerg
  • League: Grandmaster
  • Spawn Location: 1:00

VOD

Have the link to the VOD?

Description

Time

  • Played on: Jan. 8, 2020, 5:30 a.m.
  • Length: 3:22
Show
View Real Time Build Order
Export as new Build Order

DPGPartinG Protoss 

Build Orders:  

Get SALT Encoding   

  12  0:00  Probe  
  13  0:12  Probe  
  14  0:17  Pylon  
  14  0:24  Probe (Chrono Boost)  
  15  0:35  Gateway  
  15  0:37  Probe (Chrono Boost)  
  16  0:44  Probe (Chrono Boost)  
  16  0:45  Assimilator  
  17  0:51  Probe  
  18  0:59  Forge  
  18  1:03  Probe  
  19  1:15  Probe, Pylon  
  20  1:22  Cybernetics Core  
  20  1:27  Probe  
  21  1:35  Photon Cannon  
  21  1:46  Photon Cannon  
  21  1:52  Pylon  
  21  2:06  Shield Battery  
  21  2:07  Photon Cannon  
  21  2:10  Robotics Facility  
  21  2:21  Pylon  
  20  2:25  Pylon  
  20  2:35  Photon Cannon  
  20  2:38  Shield Battery  
  20  2:39  Shield Battery  
  20  2:50  Photon Cannon  
  21  3:01  Photon Cannon  
  24  3:15  Pylon  
Show
View Real Time Build Order
Export as new Build Order

True Zerg - Winner!

Build Orders: Pool First 

Get SALT Encoding   

  12  0:00  Drone  
  13  0:12  Overlord  
  13  0:16  Drone  
  14  0:30  Drone  
  14  0:31  Drone  
  16  0:40  Spawning Pool  
  15  0:44  Drone  
  15  0:49  Drone  
  17  1:08  Hatchery  
  16  1:26  Zergling x6  
  16  1:27  Queen  
  21  1:37  Zergling x2  
  22  1:40  Spine Crawler  
  22  1:44  Spine Crawler  
  20  1:48  Zergling x2  
  21  1:59  Zergling x2, Spine Crawler  
  20  2:11  Zergling x2  
  20  2:16  Queen  
  20  2:22  Zergling x2  
  23  2:23  Zergling x2  
  24  2:36  Zergling x2  
  25  2:39  Queen  
  25  2:42  Zergling x2  
  28  2:57  Zergling x2  
  27  3:00  Zergling x2  
Tags
 
Add a new tag
Caveats
  • Supply blocks, unpowered buildings, or Contaminate may cause inaccurate times.
  • Supply counts are checked every 10 seconds.